 Dungeon Crawl Stone Soup version 0.22.1-2-g9c5b331383 (webtiles) character file.

2361 Revguard the Cleaver (level 9, -1/75 HPs)
             Began as a Minotaur Gladiator on Dec 16, 2018.
             Was a High Priest of Okawaru.
             Slain by a two-headed ogre
             ... wielding a +0 giant club
              (18 damage)
             ... on level 8 of the Dungeon.
             The game lasted 00:16:49 (6591 turns).

Revguard the Cleaver (Minotaur Gladiator)           Turns: 6591, Time: 00:16:49

Health: -1/75      AC: 15    Str: 21    XL:     9   Next: 21%
Magic:  21/21      EV: 10    Int:  5    God:    Okawaru [*****.]
Gold:   308        SH:  0    Dex: 13    Spells: 8/8 levels left

rFire    . . .     SeeInvis .   m - +1 battleaxe
rCold    . . .     Gourm    .   (shield currently unavailable)
rNeg     . . .     Faith    .   C - +0 chain mail
rPois    .         Spirit   .   p - +2 hat
rElec    .         Reflect  .   s - +2 cloak
rCorr    .         Harm     .   (no gloves)
MR       .....                  (no boots)
Stlth    ..........             (no amulet)
HPRegen  0.22/turn              t - ring of flight
MPRegen  0.17/turn              v - ring of magical power

@: no status effects
A: retaliatory headbutt, beak, horns 2, high mp 1
a: Heroism, Finesse, Renounce Religion, Evoke Flight


You were on level 8 of the Dungeon.
You worshipped Okawaru.
Okawaru was extremely pleased with you.
You were hungry.

You visited 1 branch of the dungeon, and saw 8 of its levels.

You collected 420 gold pieces.
You spent 112 gold pieces at shops.

Inventory:

Hand Weapons
 m - a +1 battleaxe (weapon)
Missiles
 d - 5 throwing nets (quivered)
Armour
 p - a +2 hat (worn)
 s - a +2 cloak (worn)
 C - a +0 chain mail (worn)
Jewellery
 t - a ring of flight (left hand)
 v - a ring of magical power (right hand)
Wands
 h - a wand of acid (11)
 y - a wand of disintegration (7)
Scrolls
 b - a scroll of amnesia {unknown}
 c - a scroll of enchant armour
 g - a scroll of noise
 l - 3 scrolls of magic mapping
 o - a scroll of blinking
 u - 3 scrolls of teleportation
 A - a scroll of fear {unknown}
Potions
 a - 2 potions of flight
 e - 3 potions of haste
 i - a potion of might
 j - a potion of invisibility
 k - 2 potions of heal wounds
 n - 4 potions of curing
 q - a potion of berserk rage
 r - a potion of degeneration
 w - a potion of ambrosia {unknown}
 x - a potion of lignification {unknown}
Comestibles
 f - 10 rations


   Skills:
 + Level 5.7 Fighting
 + Level 10.1 Axes
 - Level 2.0 Throwing
 + Level 6.2 Armour
 + Level 5.7 Dodging
 + Level 4.5 Invocations


You had 8 spell levels left.
You didn't know any spells.
Your spell library was empty.

Dungeon Overview and Level Annotations

Branches:
Dungeon (8/15)             Temple (0/1) D:5
   Lair: D:8-11

Altars:
Fedhas
Gozag
Kikubaaqudgha
Okawaru
Sif Muna
Trog
Vehumet
Wu Jian
Xom
Zin
The Shining One

Shops:
D:4 !


Innate Abilities, Weirdness & Mutations

You reflexively headbutt those who attack you in melee.
You have a pair of horns on your head.
You have a beak for a mouth.
You have an increased reservoir of magic. (+10% MP)


Message History

The two-headed ogre hits you with a giant club!
You barely miss the two-headed ogre.
You headbutt the two-headed ogre, but do no damage.
The two-headed ogre is moderately wounded.
The two-headed ogre hits you with a giant club!
The two-headed ogre hits you with a giant club!!
You barely miss the two-headed ogre.
Your headbutt misses the two-headed ogre.
The two-headed ogre is moderately wounded.
The two-headed ogre hits you with a giant club!
* * * LOW HITPOINT WARNING * * *
The two-headed ogre hits you with a giant club!
* * * LOW HITPOINT WARNING * * *
You feel much better.
You barely miss the two-headed ogre. You peck the two-headed ogre.
The two-headed ogre is heavily wounded.
The two-headed ogre hits you with a giant club!
* * * LOW HITPOINT WARNING * * *
The two-headed ogre hits you with a giant club!!
You die...

....P......#
#######.#### #.#
# #.#
#.#####.#######
#.............#
.....##..####.#
#.##.##..####.##.
#.....@O......
##.....###.##.
........##
...####.## ## #..
#.## #'# ...


You could see a two-headed ogre.

Vanquished Creatures
  Pikel (D:5)
  An orc warrior (D:8)
  A centaur (D:8)
  A sky beast (D:6)
  2 ogres
  A bullfrog (D:7)
  3 scorpions
  3 killer bees (D:7)
  4 howler monkeys
  2 crimson imps
  A bullfrog zombie (D:5)
  3 hounds
  3 gnoll shamans
  3 orc priests
  2 bullfrog skeletons
  An iguana (D:5)
  4 orc wizards
  3 worker ants
  11 gnolls
  6 adders
  2 worms
  4 dart slugs
  4 leopard geckos
  28 orcs
  A ball python (D:1)
  5 giant cockroaches
  12 hobgoblins
  15 jackals
  9 kobolds
  4 quokkas
  A ball python skeleton (D:4)
  7 bats
  6 frilled lizards
  A giant cockroach zombie (D:6)
  5 goblins
  A leopard gecko zombie (D:8)
  2 quokka skeletons
  A quokka zombie (D:7)
  6 rats
170 creatures vanquished.

Vanquished Creatures (others)
  A shadow imp (D:5)
1 creature vanquished.

Grand Total: 171 creatures vanquished

Notes
Turn   | Place    | Note
-------+----------+-------------------------------------------
     0 | D:1      | Revguard the Minotaur Gladiator began the quest for the
                  | Orb.
     0 | D:1      | Reached XP level 1. HP: 18/18 MP: 0/0
    22 | D:1      | Reached skill level 4 in Axes
    55 | D:1      | Reached XP level 2. HP: 24/25 MP: 1/1
   860 | D:2      | Reached XP level 3. HP: 29/30 MP: 2/2
   888 | D:2      | Found an opulent altar of Gozag.
   930 | D:2      | Reached skill level 1 in Armour
  1139 | D:2      | Found a deep blue altar of Sif Muna.
  1554 | D:2      | Reached XP level 4. HP: 35/37 MP: 3/3
  1876 | D:3      | Found an ancient bone altar of Kikubaaqudgha.
  1934 | D:3      | Found a glowing silver altar of Zin.
  1937 | D:3      | Reached skill level 5 in Axes
  1976 | D:3      | Found a shimmering altar of Xom.
  2335 | D:3      | Found a faded altar of an unknown god.
  2338 | D:3      | Became a worshipper of Warmaster Okawaru
  2338 | D:3      | Reached * piety under Okawaru
  2568 | D:4      | Reached XP level 5. HP: 40/45 MP: 4/4
  2577 | D:4      | Found Qiustr Qofecs's Distillery.
  2750 | D:4      | Reached skill level 1 in Invocations
  2774 | D:4      | Found an ornate altar of the Wu Jian Council.
  3022 | D:4      | Reached ** piety under Okawaru
  3022 | D:4      | Reached XP level 6. HP: 14/51 MP: 6/6
  3279 | D:4      | Bought a potion of mutation for 112 gold pieces
  3282 | D:4      | Gained mutation: Your mind is acute. (Int +2) [potion of
                  | mutation]
  3282 | D:4      | Gained mutation: You have sharp toenails. [potion of
                  | mutation]
  3283 | D:4      | Lost mutation: Your mind is acute. (Int +2) [potion of
                  | mutation]
  3283 | D:4      | Lost mutation: You have sharp toenails. [potion of
                  | mutation]
  3283 | D:4      | Gained mutation: You are partially covered in icy blue
                  | scales. (AC +2) [potion of mutation]
  3283 | D:4      | Gained mutation: You are partially covered in iridescent
                  | scales. (AC +2) [potion of mutation]
  3550 | D:5      | Entered Level 5 of the Dungeon
  3555 | D:5      | Found an iron altar of Okawaru.
  3593 | D:5      | Reached skill level 6 in Axes
  3697 | D:5      | Noticed a slave
  3697 | D:5      | Noticed Pikel
  3698 | D:5      | Noticed a slave
  3701 | D:5      | Noticed a slave
  3711 | D:5      | Killed Pikel
  3711 | D:5      | Reached *** piety under Okawaru
  3711 | D:5      | Reached **** piety under Okawaru
  3711 | D:5      | Reached skill level 7 in Axes
  3711 | D:5      | Reached skill level 5 in Dodging
  3711 | D:5      | Reached XP level 7. HP: 44/60 MP: 8/8
  3773 | D:5      | Reached XP level 8. HP: 62/67 MP: 9/9
  3788 | D:5      | Lost mutation: You are partially covered in icy blue
                  | scales. (AC +2) [potion of mutation]
  3788 | D:5      | Lost mutation: You are partially covered in iridescent
                  | scales. (AC +2) [potion of mutation]
  3788 | D:5      | Gained mutation: Your spells are a little easier to cast,
                  | but a little less powerful. [potion of mutation]
  3788 | D:5      | Gained mutation: You have sharp toenails. [potion of
                  | mutation]
  3820 | D:5      | Found a staircase to the Ecumenical Temple.
  3839 | D:5      | Reached skill level 8 in Axes
  4312 | D:5      | Found a radiant altar of Vehumet.
  4550 | D:6      | Reached skill level 5 in Armour
  4553 | D:6      | Reached skill level 5 in Fighting
  4811 | D:6      | Reached skill level 9 in Axes
  5302 | D:7      | Reached ***** piety under Okawaru
  5500 | D:7      | Reached XP level 9. HP: 48/74 MP: 11/11
  5716 | D:7      | Found a bloodstained altar of Trog.
  6017 | D:7      | Lost mutation: You have sharp toenails. [potion of
                  | mutation]
  6017 | D:7      | Gained mutation: You have large cloven feet. [potion of
                  | mutation]
  6017 | D:7      | Gained mutation: You possess an exceptional clarity of
                  | mind. [potion of mutation]
  6017 | D:7      | Lost mutation: Your spells are a little easier to cast, but
                  | a little less powerful. [potion of mutation]
  6018 | D:7      | Lost mutation: You have large cloven feet. [potion of
                  | mutation]
  6018 | D:7      | Lost mutation: You possess an exceptional clarity of mind.
                  | [potion of mutation]
  6018 | D:7      | Gained mutation: You have an increased reservoir of magic.
                  | (+10% MP) [potion of mutation]
  6018 | D:7      | Gained mutation: You have a beak for a mouth. [potion of
                  | mutation]
  6145 | D:8      | Found a glowing golden altar of the Shining One.
  6241 | D:8      | Reached skill level 10 in Axes
  6549 | D:8      | Found a blossoming altar of Fedhas.
  6583 | D:8      | Noticed a two-headed ogre
  6589 | D:8      | HP: 2/75 [two-headed ogre/giant club (17)]
  6591 | D:8      | Slain by a two-headed ogre

Skill      XL: |  1  2  3  4  5  6  7  8  9 |
---------------+----------------------------+-----
Axes           | 4 5 7 9 10 | 10.1
Armour         | 1 2 3 4 5 6 |  6.2
Dodging        | 4 5 |  5.7
Fighting       | 3 4 5 |  5.7
Invocations    | 1 3 4 |  4.5
Throwing       | |  2.0

Action                   |  1- 3 |  4- 6 |  7- 9 || total
-------------------------+-------+-------+-------++-------
Melee: War axe           |    68 |       |       ||    68
       Headbutt          |     9 |    21 |    24 ||    54
       Battleaxe         |     4 |   138 |   135 ||   277
       Kick              |       |       |    24 ||    24
       Peck              |       |       |     6 ||     6
  Use: Scroll            |       |     8 |     6 ||    14
       Potion            |       |     3 |     4 ||     7
  Eat: Chunk             |     1 |     5 |     8 ||    14
       Ration            |       |     1 |       ||     1
Armor: Leather armour    |    25 |    43 |       ||    68
       Scale mail        |       |    17 |    70 ||    87
       Chain mail        |       |       |     4 ||     4
Dodge: Dodged            |    69 |   126 |   120 ||   315
